 Dungeon Crawl Stone Soup version 0.29.0-7-g18a832c13a (webtiles) character file.

Game seed: 17965749343750256998

61 Iusername the Trooper (level 3, 0/33 HPs)
             Began as a Minotaur Fighter on Aug 31, 2022.
             Slain by an orc wizard
             ... wielding a +0 dagger
              (2 damage)
             ... on level 3 of the Dungeon.
             The game lasted 00:02:44 (2258 turns).

Iusername the Trooper (Minotaur Fighter)            Turns: 2258, Time: 00:02:48

Health: 0/33       AC:  7    Str: 22    XL:     3   Next: 83%
Magic:  2/2        EV:  9    Int:  5    God:
Gold:   56         SH:  4    Dex:  9    Spells: 2/2 levels left

rFire   . . .      SeeInvis .   a - +0 long sword
rCold   . . .      Faith    .   c - +0 buckler
rNeg    . . .      Spirit   .   b - +0 scale mail
rPois   .          Reflect  .   (helmet restricted)
rElec   .          Harm     .   (no cloak)
rCorr   .          Rampage  .   (no gloves)
Will    .....                   (no boots)
Stlth   ..........              (no amulet)
HPRegen 0.11/turn               (no ring)
MPRegen 0.08/turn               (no ring)

@: no status effects
A: horns 2, retaliatory headbutt
a: no special abilities


You were on level 3 of the Dungeon.
You visited 1 branch of the dungeon, and saw 3 of its levels.

You collected 56 gold pieces.

Inventory:

Hand Weapons
 a - a +0 long sword (weapon)
Missiles
 l - 2 silver boomerangs (quivered)
Armour
 b - a +0 scale mail (worn)
 c - a +0 buckler (worn)
Scrolls
 e - 3 scrolls of identify {unknown}
 f - 2 scrolls of fog {unknown}
 h - a scroll of vulnerability {unknown}
 j - a scroll of immolation {unknown}
 k - a scroll of noise {unknown}
 m - a scroll of summoning {unknown}
 n - a scroll of teleportation {unknown}
Potions
 d - a potion of might
 g - a potion of cancellation {unknown}
 i - a potion of haste {unknown}
 o - a potion of degeneration {unknown}


   Skills:
 + Level 4.3 Fighting
 + Level 3.3 Long Blades
 + Level 0.9 Throwing
 + Level 4.2 Armour
 + Level 4.0 Shields


You had 2 spell levels left.
You didn't know any spells.
Your spell library was empty.

Dungeon Overview and Level Annotations

Branches:
Dungeon (3/15)

Altars:

Shops:
D:1 !


Innate Abilities, Weirdness & Mutations

You have a pair of horns on your head.
You reflexively headbutt those who attack you in melee.


Message History

You closely miss something.
The orc shouts!
Your headbutt misses something. Something hits you but does no damage.
A magic dart appears from out of thin air!
The magic dart hits you. Something hits you.
You miss something. Something hits you but does no damage.
You closely miss something. Your headbutt misses something.
Something hits you but does no damage. Something hits you.
You barely miss something. Something hits you.
The orc hits you but does no damage.
Something hits the orc.
You barely miss something. Your headbutt misses something.
The orc closely misses you.
Something hits you but does no damage. x2
Something hits you.
Something hits the orc.
The orc dies!
You closely miss something. Something hits you but does no damage.
Something hits you.
You barely miss something. You headbutt something. Something hits you.
You closely miss something.
An orc wizard appears from thin air!
Reactivating autopickup.
Something hits you but does no damage.
Deactivating autopickup; reactivate with Ctrl-A.
You barely miss something. Your headbutt misses something.
You hear some strange, mumbled words.
Something tries to affect you, but you resist.
You block something's attack.
You closely miss something. Something hits you but does no damage.
The orc wizard hits you with a +0 dagger.
You barely miss something.
The orc wizard seems less confused.
Something hits you but does no damage.
The orc wizard hits you but does no damage.
You miss something. Something hits you. You block the orc wizard's attack.
You completely miss something. Your headbutt misses something.
Something hits you.
The orc wizard hits you with a +0 dagger.
The orc wizard gestures at you while chanting.
The magic dart hits you!
* * * LOW HITPOINT WARNING * * *
Something hits you.
You die...

........####.##
..........##.#
#......##.##.#
.......##.##.#
.............#
......>.#.####
##.####.#.#
#.....)o..#
#..#.##@### #
#{# ..# ##)#
#.# ..# ###


You could see an orc wizard.

Vanquished Creatures
  2 adders (D:2)
  2 dart slugs (D:2)
  3 orcs (D:3)
  3 bats
  4 endoplasms
  3 giant cockroaches
  2 goblins
  2 hobgoblins
  A quokka (D:1)
  6 ball pythons
  3 frilled lizards
  3 rats
  A spectral kobold (D:1)
35 creatures vanquished.

Vanquished Creatures (others)
  An orc (D:3)
1 creature vanquished.

Grand Total: 36 creatures vanquished

Notes
Turn   | Place    | Note
-------+----------+-------------------------------------------
     0 | D:1      | Iusername the Minotaur Fighter began the quest for the Orb.
     0 | D:1      | Reached XP level 1. HP: 19/19 MP: 0/0
    43 | D:1      | Found a faded altar of an unknown god.
   284 | D:1      | Reached XP level 2. HP: 27/27 MP: 1/1
   980 | D:1      | Found Zocosaul's Distillery.
  1235 | D:2      | Reached XP level 3. HP: 27/33 MP: 2/2
  2258 | D:3      | Slain by an orc wizard

Illustrated notes

Levels and vault maps discovered:
D:1:      mushboom_english_gardens, layout_loops_ring,
          dreamdust_ecumenical_altar_drowned_temple, serial_shops,
          nicolae_shop_hallway_plus
D:2:      layout_basic
D:3:      cheibrodos_helix_gallery, layout_loops_cross,
          dilly_guarded_unrand_morg, uniq_ijyb

Skill      XL: |  1  2  3 |
---------------+----------+-----
Fighting       | 4 |  4.3
Armour         | 4 |  4.2
Shields        | 4 |  4.0
Long Blades    | 3 |  3.3
Throwing       | |  0.9

Action                   || total
-------------------------++-------
Melee: Long sword        ||    87
       Headbutt          ||    13
Throw: Boomerang         ||    19
Armor: Scale mail        ||    42
Dodge: Dodged            ||    30
Block: Buckler           ||    21
